cohdb
Replays
Latest Replays
All Replays
Popular Replays
Top Player Replays
Match Explorer
How It Works
Community
CoH3 Stats
Reddit
Sign in to upload your games and track your stats! →
Sign in with Steam
Match 42633942
Unlisted
Match 42633942
Overview
Messages
Build Orders
End
Royal Engineer Section
Construct Section Command Post
Selects Indian Artillery Battlegroup
Dingo Light Scout Car
Infantry Section
Infantry Section
Construct Field Infirmary
Selects Artillery Saturation
ML 3-inch Mortar Team
Construct Platoon Command Post
Royal Engineer Section
Unlock Bishop Self-propelled Artillery
Bishop Self-propelled Artillery
Light Vehicle Training
Selects Off-map Airburst Barrage
6-pounder Anti-tank Gun Team
Grenade Package
Bishop Self-propelled Artillery
Off-map Airburst Barrage
Infantry Section
Cpt Racks
CommieRed
Thank You Chef
Insanegame
X
Quack
0
0
Comments
sign in to comment!
No comments posted yet!